 Dungeon Crawl Stone Soup version 0.30-a0-540-g0af01429fa (webtiles) character file.

Game seed: 8262143396954610167

1876 Scypho the Basher (level 8, -3/64 HPs)
             Began as a Minotaur Fighter on Dec 25, 2022.
             Was a Follower of Makhleb.
             Slain by a troll (7 damage)
             ... on level 7 of the Dungeon.
             The game lasted 00:20:48 (6181 turns).

Scypho the Basher (Minotaur Fighter)                Turns: 6181, Time: 00:20:48

Health: -3/64      AC: 11    Str: 20    XL:     8   Next: 91%
Magic:  11/11      EV:  7    Int:  7    God:    Makhleb [*.....]
Gold:   211        SH:  4    Dex: 11    Spells: 7/7 levels left

rFire   . . .      SeeInvis .    r - +3 mace
rCold   . . .      Faith    .    c - +0 buckler
rNeg    . . .      Spirit   .    e - +0 chain mail
rPois   .          Reflect  .    (helmet restricted)
rElec   .          Harm     .    l - +1 cloak {rCorr}
rCorr   +          Rampage  .    (no gloves)
Will    .....                    (no boots) Stlth
                                 (no amulet)
HPRegen 0.30/turn                (no ring)
MPRegen 0.12/turn                (no ring)

@: no status effects
A: horns 2, retaliatory headbutt
a: Renounce Religion


You were on level 7 of the Dungeon.
You worshipped Makhleb.
Makhleb was aware of your devotion.
You visited 1 branch of the dungeon, and saw 7 of its levels.

You collected 211 gold pieces.

Inventory:

Hand Weapons
 r - a +3 mace (weapon)
Missiles
 t - a throwing net (quivered)
Armour
 b - a +0 scale mail
 c - a +0 buckler (worn)
 e - a +0 chain mail (worn)
 l - a +1 cloak of preservation (worn)
Wands
 d - a wand of digging (6)
 o - a wand of flame (9)
 y - a wand of iceblast (12)
Scrolls
 a - a scroll of blinking {unknown}
 h - a scroll of fog
 i - 3 scrolls of identify
 n - 2 scrolls of enchant armour {unknown}
 p - 2 scrolls of fear
 u - a scroll of torment {unknown}
 v - a scroll of teleportation
 w - a scroll of poison {unknown}
Potions
 f - a potion of haste
 g - a potion of mutation
 j - a potion of invisibility
 k - a potion of heal wounds
 m - a potion of curing
 q - a potion of resistance
 s - 2 potions of attraction
 x - a potion of might


   Skills:
 - Level 3.6 Fighting
 + Level 11.8 Maces & Flails
 - Level 3.6 Armour
 - Level 3.6 Shields
 + Level 6.0 Invocations


You had 7 spell levels left.
You didn't know any spells.
Your spell library contained the following spells:

 Spells                   Type           Power      Damage    Failure   Level
 Kiss of Death            Conj/Necr      0%         2d5       99%         1
 Sublimation of Blood     Necr           0%         N/A       100%        2
 Wereblood                Tmut           0%         N/A       100%        2
 Confusing Touch          Hex            0%         N/A       100%        3
 Dispel Undead            Necr           0%         3d6       100%        4
 Conjure Ball Lightning   Conj/Air       0%         3x3d6     100%        6
 Summon Hydra             Summ           0%         N/A       100%        7
 Discord                  Hex            0%         N/A       100%        8
 Disjunction              Tloc           0%         N/A       100%        8


Dungeon Overview and Level Annotations

Branches:
Dungeon (7/15)             Temple (0/1) D:5

Altars:
Hepliaklqana
Makhleb
Qazlal
Ru
The Shining One

Shops:
D:6 [

Annotations:
D:4 3 runed translucent doors, p00ps00p's ghost, amateur HOFi


Innate Abilities, Weirdness & Mutations

You have a pair of horns on your head.
You reflexively headbutt those who attack you in melee.


Message History

The orc attacks as you move away! The orc hits you but does no damage.
The orc priest hits you but does no damage.
The orc wizard mumbles some strange words.
The orc wizard flickers and vanishes!
Deactivating autopickup; reactivate with Ctrl-A.
You thump the orc priest! You headbutt the orc priest.
You kill the orc priest!
Makhleb accepts your kill. The orc hits you with a +0 hand axe.
You barely miss the orc. The orc hits you but does no damage.
The orc barely misses you. The orc hits you but does no damage.
You hit the orc. You sock the orc!
You kill the orc!
Makhleb accepts your kill. The orc closely misses you.
The orc hits you but does no damage. The troll bites you!
You block the troll's attack. The troll claws you but does no damage.
You barely miss something. The orc hits you but does no damage.
The orc hits you with a +3 falchion.
* * * LOW HITPOINT WARNING * * *
Something hits you but does no damage. The troll bites you but does no damage.
The troll claws you.
* * * LOW HITPOINT WARNING * * *
The troll closely misses you.
You barely miss something. Your headbutt misses something.
The orc barely misses you. You furiously retaliate!
You headbutt the orc!
You kill the orc!
Makhleb accepts your kill. Something hits you but does no damage.
You block the orc's attack. The troll bites you!
* * * LOW HITPOINT WARNING * * *
The troll barely misses you. You block the troll's attack.
You miss something. You headbutt something.
The orc hits you with a +3 falchion!
* * * LOW HITPOINT WARNING * * *
Something hits you but does no damage. You block the troll's attack.
The troll claws you but does no damage. The troll claws you!
You die...

..........#
..........#
#.........#
#.........# #
..........# #.#.
##. .......?..#
#.#' ##..
#.....o...#
+.'####...
#.....{@..+
.....C'..# ..
#.#....)T.#
+.'####... ..
##......# #.# ##..
#. #####....# #.#
##[ ##.#### #.#
##...# #.# ##
#.....####.#
##..#####'########
##......##..#
##...............
#........#..##
###...##########
.............#
###.# ###....#


You could see a troll and an orc.

Vanquished Creatures
  Eustachio (D:4)
  A steam dragon (D:7)
  Duvessa (D:5)
  A water moccasin (D:4)
  2 black bears
  2 ogres (D:4)
  2 phantoms (D:5)
  2 scorpions (D:5)
  5 wights (D:6)
  Dowan (D:5)
  A jelly (D:5)
  A hound (D:5)
  An orc priest (D:7)
  4 iguanas
  2 orc wizards
  9 gnolls
  4 adders
  4 shadow imps
  A worm (D:3)
  18 orcs
  2 endoplasms (D:1)
  A giant cockroach (D:1)
  9 goblins
  12 hobgoblins
  4 jackals (D:4)
  2 quokkas
  5 ball pythons
  3 bats
  4 kobolds
  2 rats (D:1)
107 creatures vanquished.

Notes
Turn   | Place    | Note
-------+----------+-------------------------------------------
     0 | D:1      | Scypho the Minotaur Fighter began the quest for the Orb.
     0 | D:1      | Reached XP level 1. HP: 19/19 MP: 0/0
   238 | D:1      | Reached skill level 3 in Maces & Flails
   296 | D:1      | Reached XP level 2. HP: 26/26 MP: 1/1
   357 | D:1      | Found a faded altar of an unknown god.
   577 | D:1      | Reached skill level 4 in Maces & Flails
  1177 | D:2      | Found a sacrificial altar of Ru.
  1430 | D:2      | Identified a scroll of acquirement
  1430 | D:2      | Acquired a +1 cloak of preservation
  1444 | D:3      | Found a hazy altar of Hepliaklqana.
  1452 | D:3      | Reached XP level 3. HP: 31/31 MP: 2/2
  1955 | D:3      | Identified the +3 ring mail of the Gate {rN++ Will+ Int-2
                  | Slay-3}
  2071 | D:3      | Found a glowing golden altar of the Shining One.
  2642 | D:3      | Reached skill level 5 in Maces & Flails
  2742 | D:4      | Noticed an ogre
  2796 | D:4      | Noticed a water moccasin
  2798 | D:4      | Noticed Eustachio
  2825 | D:4      | Killed a water moccasin
  2826 | D:4      | Reached skill level 6 in Maces & Flails
  2826 | D:4      | Reached XP level 4. HP: 19/39 MP: 3/3
  2826 | D:4      | Reached XP level 5. HP: 22/45 MP: 4/4
  2942 | D:4      | Found a runed translucent gate.
  2942 | D:4      | Found a runed translucent gate.
  3131 | D:4      | Found a stormy altar of Qazlal.
  3163 | D:4      | Reached skill level 7 in Maces & Flails
  3249 | D:4      | Killed an ogre
  3250 | D:4      | Reached skill level 8 in Maces & Flails
  3250 | D:4      | Reached XP level 6. HP: 30/51 MP: 5/5
  3412 | D:4      | Found a runed translucent gate.
  3413 | D:4      | Noticed p00ps00p's ghost (amateur HOFi)
  3441 | D:4      | Killed Eustachio
  3502 | D:4      | Found a burning altar of Makhleb.
  3512 | D:4      | Reached skill level 9 in Maces & Flails
  3512 | D:4      | Reached XP level 7. HP: 29/57 MP: 6/6
  3519 | D:4      | Became a worshipper of Makhleb the Destroyer
  3908 | D:5      | Entered Level 5 of the Dungeon
  3919 | D:5      | Reached skill level 1 in Invocations
  4124 | D:5      | Found a staircase to the Ecumenical Temple.
  4335 | D:5      | Reached skill level 10 in Maces & Flails
  4722 | D:5      | Reached XP level 8. HP: 56/64 MP: 9/9
  4751 | D:5      | Noticed Duvessa
  4924 | D:5      | Noticed Dowan
  4931 | D:5      | Killed Dowan
  5044 | D:5      | Killed Duvessa
  5165 | D:6      | Reached skill level 11 in Maces & Flails
  5178 | D:6      | Reached skill level 5 in Invocations
  5737 | D:6      | Found Efrefais's Antique Armour Shoppe.
  5872 | D:6      | Reached * piety under Makhleb
  6142 | D:7      | Noticed a troll
  6142 | D:7      | Noticed a troll
  6142 | D:7      | Noticed a troll
  6142 | D:7      | Noticed a cyclops
  6181 | D:7      | Slain by a troll

Illustrated notes

Levels and vault maps discovered:
D:1:      dpeg_arrival_round_a, layout_rooms, chequers_ecumenical_altar_island,
          nicolae_hexahallways
D:2:      layout_loops_ring, basic_altar
D:3:      layout_basic, mainiacjoe_overflow_catwalk_spiral
D:4:      layout_loops_ring, nicolae_overflow_crystal_walls,
          nicolae_qazlal_general_emergency, gammafunk_ghost_necromancy,
          minmay_misc_feat_more_columns, uniq_eustachio
D:5:      minmay_spotlight, layout_gridville, temple_green, uniq_duvessa
D:6:      layout_loops_ring, serial_shops, shop, kennysheep_doodads
D:7:      layout_layer_cave, gammafunk_temple_overflow_wave,
          nicolae_kikubaaqudgha_miasma_corner, minmay_the_grid_2x2
          [minmay_the_grid_eight, minmay_the_grid_spikes,
          minmay_the_grid_outer_diamond, minmay_the_grid_prize_four_corners]

Skill      XL: |  1  2  3  4  5  6  7  8 |
---------------+-------------------------+-----
Maces & Flails | 3 4 6 8 9 10 11 | 11.8
Invocations    | 3 6 |  6.0
Fighting       | |  3.6
Armour         | |  3.6
Shields        | |  3.6

Action                   |  1- 3 |  4- 6 |  7- 9 || total
-------------------------+-------+-------+-------++-------
Melee: Flail             |    74 |    72 |   124 ||   270
       Headbutt          |     5 |     9 |    38 ||    52
       Mace              |       |       |    62 ||    62
Evoke: Wand              |       |     1 |       ||     1
  Use: Scroll            |     4 |     5 |     2 ||    11
       Potion            |     2 |     2 |     1 ||     5
Armor: Scale mail        |    23 |     2 |       ||    25
       Chain mail        |       |    11 |    80 ||    91
       Skin              |       |    12 |       ||    12
Dodge: Dodged            |    28 |    22 |    51 ||   101
Block: Buckler           |    13 |    14 |    33 ||    60

Table legend: (Time is in decaauts)
 A = Elapsed time spent in this place.
 B = Non-inter-level travel time spent in this place.
 C = Inter-level travel time spent in this place.
 D = Time resting spent in this place.
 E = Time spent auto-exploring this place.
 F = Levels seen in this place.
 G = Mean time per level.
                   A        B        C        D        E       F      G
               +--------+--------+--------+--------+--------+-----+--------+
         Total |   6180 |   5980 |    200 |   1077 |   3678 |   7 |  882.9 |
       Dungeon |   6180 |   5980 |    200 |   1077 |   3678 |   7 |  882.9 |
               +--------+--------+--------+--------+--------+-----+--------+

Top non-repeatable levels by time:
     D:3: 1343 daAuts
     D:5: 1248 daAuts
     D:4: 1117 daAuts
     D:1: 904 daAuts
     D:6: 762 daAuts
     D:2: 550 daAuts
     D:7: 253 daAuts
